 Dungeon Crawl Stone Soup version 0.31-a0-704-g1016066182 (webtiles) character file.

Game seed: 5028924161854714041

40 LadyOphelia the Trooper (level 3, -8/33 HPs)
             Began as a Draconian Berserker on Sept 9, 2023.
             Was a Believer of Trog.
             Mangled by a gnoll
             ... wielding a +1 heavy flail
              (15 damage)
             ... on level 2 of the Dungeon.
             The game lasted 00:01:46 (839 turns).

LadyOphelia the Trooper (Draconian Berserker)        Turns: 839, Time: 00:01:46

Health: -8/33      AC:  5    Str: 21    XL:     3   Next: 30%
Magic:  3/3        EV: 12    Int:  7    God:    Trog [**....]
Gold:   47         SH:  0    Dex: 10    Spells: 2/2 levels left

rFire   . . .        a - +0 mace
rCold   . . .        (no shield)
rNeg    . . .        (body armour unavailable)
rPois   .            (helmet restricted)
rElec   .            (no cloak)
rCorr   .            (no gloves)
SInv    .            (no boots)
Will    .....        (no amulet)
Stlth   +            (no ring)
HPRegen 0.25/turn    (no ring)
MPRegen 0.08/turn

%: no passive effects
@: no status effects
A: AC +5, unfitting armour, cold-blooded
a: Renounce Religion, Berserk, Trog's Hand


You were on level 2 of the Dungeon.
You worshipped Trog.
Trog was pleased with you.
You visited 1 branch of the dungeon, and saw 2 of its levels.

You collected 47 gold pieces.

Inventory:

Hand Weapons
 a - a +0 mace (weapon)
Scrolls
 b - a scroll of teleportation {unknown}
Potions
 c - a potion of might {unknown}


   Skills:
 + Level 3.7 Fighting
 + Level 3.5 Maces & Flails
 + Level 3.2 Dodging
 + Level 0.3 Stealth


You had 2 spell levels left.
You didn't know any spells.
Your spell library was empty.

Dungeon Overview and Level Annotations

Branches:
Dungeon (2/15)

Altars:


Innate Abilities, Weirdness & Mutations

Your plain brown scales are hard. (AC +5)
You cannot fit into any form of body armour.
You are cold-blooded and may be slowed by cold attacks.


Message History

Done exploring.
Done exploring.
There is a stone staircase leading down here.
You climb downwards.
Found a scroll labelled KIYXKE XIOFOEH.
There is a stone staircase leading up here.
A gnoll comes into view. It is wielding a +1 heavy flail.
The helpless adder fails to defend itself.
You sock the adder!
The adder is almost dead.
The adder bites you.
You are poisoned.
The adder poisons you! The adder bites you but does no damage.
You closely miss the adder.
The adder is almost dead.
You feel sick. The adder closely misses you.
The gnoll hits you with a +1 heavy flail!
Ouch! That really hurt!
You closely miss the adder. You tail-slap the adder.
You kill the adder!
Trog accepts your kill.
You feel sick. The gnoll barely misses you.
You feel sick.
There is a stone staircase leading up here.
You hit the gnoll.
Your tail-slap misses the gnoll.
The gnoll is heavily wounded.
You feel sick. The gnoll barely misses you.
You barely miss the gnoll. You tail-slap the gnoll.
The gnoll is severely wounded.
You feel sick.
You are no longer poisoned.
The gnoll completely misses you.
You hit the gnoll.
The gnoll is almost dead.
The gnoll hits you with a +1 heavy flail.
* * * LOW HITPOINT WARNING * * *
You closely miss the gnoll.
The gnoll is almost dead.
The gnoll hits you with a +1 heavy flail!
You die...

###
#..
#.#
#.###
#...
#..#
#..#
#.@#
#.g#
#....
##?###
#.#
#.#
#.#
#.#


You could see a gnoll.

Vanquished Creatures
  An adder (D:2)
  A dart slug (D:1)
  4 ball pythons (D:1)
  A giant cockroach (D:1)
  5 jackals (D:1)
  2 kobolds (D:1)
  2 quokkas (D:1)
  A bat (D:1)
  7 frilled lizards (D:1)
  4 goblins (D:1)
  A rat (D:1)
29 creatures vanquished.

Notes
Turn   | Place    | Note
-------+----------+-------------------------------------------
     0 | D:1      | LadyOphelia the Draconian Berserker began the quest for the
                  | Orb.
     0 | D:1      | Reached XP level 1. HP: 19/19 MP: 1/1
   250 | D:1      | Reached XP level 2. HP: 26/26 MP: 2/2
   718 | D:1      | Reached ** piety under Trog
   719 | D:1      | Reached XP level 3. HP: 33/33 MP: 3/3
   839 | D:2      | Mangled by a gnoll

Illustrated notes

Levels and vault maps discovered:
D:1:      psy_arrival_conway, layout_loops_cross, minmay_lizard_pond
D:2:      minmay_thinvault, layout_loops_ring

Skill      XL: |  1  2 |
---------------+-------+-----
Dodging        | 3 |  3.2
Fighting       | |  3.7
Maces & Flails | |  3.5
Stealth        | |  0.3

Action                     || total
---------------------------++-------
  Melee: Mace              ||    82
         Tailslap          ||    15
   Stab: Sleeping          ||     3
 Armour: Skin              ||    45
  Dodge: Dodged            ||    74

Table legend: (Time is in decaauts)
 A = Elapsed time spent in this place.
 B = Non-inter-level travel time spent in this place.
 C = Inter-level travel time spent in this place.
 D = Time resting spent in this place.
 E = Time spent auto-exploring this place.
 F = Levels seen in this place.
 G = Mean time per level.
                   A        B        C        D        E       F      G
               +--------+--------+--------+--------+--------+-----+--------+
         Total |    863 |    837 |     26 |      0 |    569 |   2 |  431.5 |
       Dungeon |    863 |    837 |     26 |      0 |    569 |   2 |  431.5 |
               +--------+--------+--------+--------+--------+-----+--------+

Top non-repeatable levels by time:
     D:1: 853 daAuts
     D:2: 10 daAuts
